 Dungeon Crawl Stone Soup version 0.26.1-11-gd32895ea62 (webtiles) character file.

Game seed: 8214221369677990640

127 KamiKatze the Conjurer (level 4, -1/33 HPs)
             Began as a Draconian Conjurer on May 28, 2021.
             Slain by a river rat (6 damage)
             ... in a sewer.
             The game lasted 00:08:24 (2243 turns).

KamiKatze the Conjurer (Draconian Conjurer)         Turns: 2243, Time: 00:08:25

Health: -1/33      AC:  6    Str:  9    XL:     4   Next: 85%
Magic:  3/9        EV: 27    Int: 20    God:
Gold:   187        SH:  0    Dex:  9    Spells: 2/9 levels left

rFire    . . .     SeeInvis .   j - +0 dagger
rCold    . . .     Faith    .   (no shield)
rNeg     . . .     Spirit   .   (armour unavailable)
rPois    .         Reflect  .   (helmet restricted)
rElec    .         Harm     .   (no cloak)
rCorr    .         Rampage  .   (no gloves)
Will     .....                  b - +0 pair of boots
Stlth    ++........             k - amulet of the acrobat
HPRegen  0.11/turn              (no ring)
MPRegen  0.11/turn              (no ring)

@: acrobat
A: unfitting armour, cold-blooded, AC +5
a: no special abilities


You were in a sewer.
You visited 1 branch of the dungeon, and saw 3 of its levels.
You also visited: Sewer.

You collected 187 gold pieces.

Inventory:

Hand Weapons
 j - a +0 dagger (weapon)
Missiles
 e - 135 stones
 f - 9 poisoned darts (quivered)
Armour
 b - a +0 pair of boots (worn)
Jewellery
 k - an amulet of the acrobat (around neck)
 q - an uncursed amulet of regeneration {unknown}
Scrolls
 d - a scroll of enchant weapon {unknown}
 g - a scroll of remove curse {unknown}
 i - 2 scrolls of teleportation {unknown}
 l - a scroll of identify {unknown}
 n - a scroll of fear {unknown}
 p - a scroll of random uselessness {unknown}
Potions
 a - a potion of haste {unknown}
 c - a potion of lignification {unknown}
 h - a potion of heal wounds {unknown}
 m - a potion of might {unknown}
 o - a potion of invisibility {unknown}


   Skills:
 - Level 2.0 Dodging
 - Level 2.0 Stealth
 * Level 3.3 Spellcasting
 * Level 5.0 Conjurations
 * Level 1.0 Hexes


You had 2 spell levels left.
You knew the following spells:

 Your Spells              Type           Power        Failure   Level
a - Magic Dart            Conj           92%          1%          1
b - Searing Ray           Conj           46%          2%          2
c - Fulminant Prism       Conj/Hex       7%           36%         4

Your spell library contained the following spells:

 Spells                   Type           Power        Failure   Level
 Dazzling Flash           Conj/Hex       30%          12%         3
 Iskenderun's Mystic Bla  Conj/Tloc      13%          43%         4


Dungeon Overview and Level Annotations

Branches:
Dungeon (3/15)              Sewer (1/1)

Altars:
Hepliaklqana


Innate Abilities, Weirdness & Mutations

Your plain brown scales are hard. (AC +5)
You cannot fit into any form of body armour.
You are cold-blooded and may be slowed by cold attacks.


Message History

You tail-slap the river rat, but do no damage.
The river rat is moderately wounded.
The river rat bites you.
You barely miss the river rat. You tail-slap the river rat.
The river rat is moderately wounded.
The river rat bites you!
* * * LOW HITPOINT WARNING * * *
You closely miss the river rat.
The river rat is moderately wounded.
The river rat barely misses you.
Unknown command.
You aren't carrying any items that you can evoke.
Unknown command.
The river rat bites you.
* * * LOW HITPOINT WARNING * * *
You see here a river rat corpse.
You see here a rat corpse.
The river rat barely misses you. The river rat bites you.
You die...

#≈#
#≈#
#≈#
#≈#
#≈#
#≈#
#≈#
#@#
#r#
#†#
#†#
#.#
#.#
#∩#
#.#
#∩#


You could see a river rat.

Vanquished Creatures
  5 river rats
  2 adders
  A worm (D:2)
  4 dart slugs
  A leopard gecko (D:1)
  4 bats (D:1)
  3 giant cockroaches
  9 goblins
  9 hobgoblins
  A quokka (D:2)
  2 frilled lizards
  3 kobolds
  9 rats
53 creatures vanquished.

Notes
Turn   | Place    | Note
-------+----------+-------------------------------------------
     0 | D:1      | KamiKatze the Draconian Conjurer began the quest for the
                  | Orb.
     0 | D:1      | Reached XP level 1. HP: 14/14 MP: 3/3
   152 | D:1      | Reached XP level 2. HP: 20/20 MP: 0/5
   155 | D:1      | Learned a level 2 spell: Searing Ray
   792 | D:1      | Reached XP level 3. HP: 21/26 MP: 4/6
  1699 | D:2      | Found a hazy altar of Hepliaklqana.
  2000 | D:2      | Reached XP level 4. HP: 33/33 MP: 3/8
  2005 | D:2      | Learned a level 4 spell: Fulminant Prism
  2177 | D:3      | Found a glowing drain.
  2212 | Sewer    | Entered a sewer
  2216 | Sewer    | Reached skill level 5 in Conjurations
  2220 | Sewer    | Reached skill level 1 in Hexes
  2243 | Sewer    | Slain by a river rat

Illustrated notes

Levels and vault maps discovered:
D:1:      ncdulo_lavacross, layout_loops_corners
D:2:      layout_loops_corners, marbit_many_paths, serial_bayou_lagoon_a,
          minivault_11
D:3:      layout_basic, portal_sewer_entry_b, elyvilon_altar_4
Sewer:    sewer_kobolds

Skill      XL: |  1  2  3  4 |
---------------+-------------+-----
Stealth        | 2 |  2.0
Dodging        | 2 |  2.0
Spellcasting   | 3 |  3.3
Conjurations   | 5 |  5.0
Hexes          | 1 |  1.0

Action                   |  1- 3 |  4- 6 || total
-------------------------+-------+-------++-------
Melee: Unarmed           |     5 |       ||     5
       Dagger            |    32 |    16 ||    48
       Tailslap          |     4 |     3 ||     7
Throw: Stone             |     4 |       ||     4
 Cast: Magic Dart        |    69 |       ||    69
       Searing Ray       |     4 |     5 ||     9
 Stab: Sleeping          |     1 |       ||     1
Armor: Skin              |    13 |     2 ||    15
Dodge: Dodged            |    33 |    16 ||    49
